 Dungeon Crawl Stone Soup version 0.24.0-37-gcf1ca852f1 (webtiles) character file.

Game seed: 7658156964420131853, levelgen mode: deterministic

1865 FishyPogo the Magician (level 9, -4/69 HPs)
             Began as a Gnoll Skald on Dec 7, 2019.
             Was a Priest of Okawaru.
             Killed by divine providence
             ... invoked by an orc priest
              (12 damage)
             ... on level 6 of the Dungeon.
             The game lasted 00:21:57 (4696 turns).

FishyPogo the Magician (Gnoll Skald)                Turns: 4696, Time: 00:21:58

Health: -4/69      AC:  8    Str: 14    XL:     9   Next: 13%
Magic:  0/20       EV: 23    Int: 12    God:    Okawaru [***...]
Gold:   169        SH:  0    Dex: 29    Spells: 4/20 levels left

rFire    + . .     SeeInvis .   b - +4 quarterstaff (chaos)
rCold    x . .     Gourm    .   (shield currently unavailable)
rNeg     . . .     Faith    .   B - +1 robe "Ciups" {rPois Int-4 Dex+9 Stlth+}
rPois    +         Spirit   +   v - +0 helmet
rElec    .         Reflect  .   t - +0 cloak
rCorr    .         Harm     .   e - +0 pair of gloves
MR       .....     Rnd*Rage +   q - +0 pair of boots
Stlth    +++++.....             D - amulet of guardian spirit
HPRegen  0.21/turn              p - ring of fire
MPRegen  0.17/turn              (no ring)

@: agile, starving
A: distributed training, fangs 1, berserk 1, high mp 1, weak 1, strong nose
a: Heroism, Renounce Religion


You were on level 6 of the Dungeon.
You worshipped Okawaru.
Okawaru was most pleased with you.
You were starving.

You visited 1 branch of the dungeon, and saw 6 of its levels.

You collected 172 gold pieces.
You donated 3 gold pieces to Zin.

Inventory:

Hand Weapons
 a - a +0 falchion
 b - a +4 quarterstaff of chaos (weapon)
 m - a +3 scimitar
Missiles
 h - 71 stones
 y - 29 poisoned darts (quivered)
 z - 2 javelins
Armour
 e - a +0 pair of gloves (worn)
 q - a +0 pair of boots (worn)
 t - a +0 cloak (worn)
 u - a +0 leather armour
 v - a +0 helmet (worn)
 B - the +1 robe "Ciups" (worn) {rPois Int-4 Dex+9 Stlth+}
   (You found it on level 5 of the Dungeon)

   It affects your intelligence (-4).
   It affects your dexterity (+9).
   It protects you from poison.
   It makes you more stealthy.
Magical Staves
 A - an uncursed staff of fire
Jewellery
 p - a ring of fire (left hand)
 D - an amulet of guardian spirit (around neck)
Wands
 C - a wand of paralysis (7)
Scrolls
 f - 2 scrolls of immolation {unknown}
 g - 5 scrolls of remove curse {unknown}
 i - 4 scrolls of identify
 o - a scroll of enchant weapon {unknown}
 s - a scroll of fear {unknown}
 w - a scroll of fog {unknown}
Potions
 c - 5 potions of curing
 k - a potion of might
 l - 2 potions of flight
 n - 2 potions of lignification
 r - a potion of haste
Comestibles
 d - 6 rations


   Skills:
 + Level 6.0 Fighting
 + Level 3.8 Short Blades
 + Level 6.0 Long Blades
 + Level 3.8 Axes
 + Level 3.8 Maces & Flails
 + Level 3.8 Polearms
 + Level 3.8 Staves
 + Level 3.8 Slings
 + Level 3.8 Bows
 + Level 3.8 Crossbows
 + Level 3.8 Throwing
 + Level 4.7 Armour
 + Level 6.0 Dodging
 + Level 3.8 Stealth
 + Level 3.8 Shields
 + Level 3.8 Unarmed Combat
 + Level 6.4 Spellcasting
 + Level 3.1 Conjurations
 + Level 3.1 Hexes
 + Level 6.3 Charms
 + Level 3.1 Summonings
 + Level 3.1 Necromancy
 + Level 3.1 Translocations
 + Level 3.1 Transmutations
 + Level 3.1 Fire Magic
 + Level 3.1 Ice Magic
 + Level 3.1 Air Magic
 + Level 3.1 Earth Magic
 + Level 3.1 Poison Magic
 + Level 4.2 Invocations
 + Level 3.8 Evocations


You had 4 spell levels left.
You knew the following spells:

 Your Spells              Type           Power        Failure   Level  Hunger
b - Poisonous Vapours     Pois/Air       ##....       7%          2    ##.....
c - Mephitic Cloud        Conj/Pois/Air  ##......     14%         3    ###....
h - Regeneration          Chrm/Necr      ###.......   8%          3    ###....
n - Spectral Weapon       Hex/Chrm       ###.....     8%          3    ###....
p - Shroud of Golubria    Chrm/Tloc      ###...       3%          2    ##.....
u - Song of Slaying       Chrm           ###.....     1%          2    ##.....
y - Infusion              Chrm           ###.         1%          1    None

Your spell library contained the following spells:

 Spells                   Type           Power        Failure   Level  Hunger
 Sting                    Conj/Pois      ##..         4%          1    None
 Olgreb's Toxic Radiance  Pois           ##......     43%         4    ####...
 Venom Bolt               Conj/Pois      ##........   78%         5    ######.


Dungeon Overview and Level Annotations

Branches:
Dungeon (6/15)
 Temple: D:4-7

Altars:
Gozag
Makhleb
Okawaru
Ru
Wu Jian
Zin
The Shining One

Shops:
D:4 *=


Innate Abilities, Weirdness & Mutations

Your experience applies equally to all skills.
You have very sharp teeth.
Your uncanny sense of smell can sniff out nearby items.
You tend to lose your temper in combat.
You have an increased reservoir of magic. (+10% MP)
You are weak. (Str -2)


Message History

The hound misses you. The bullfrog hits you!
* * * LOW HITPOINT WARNING * * *
You barely miss the bullfrog.
The bullfrog is almost dead.
The hound completely misses you. The bullfrog closely misses you.
The bullfrog hits you but does no damage.
The hound closely misses you.
The crimson imp blinks!
You hit the bullfrog but do no damage.
The bullfrog is almost dead.
The hound misses you. The bullfrog hits you.
* * * LOW HITPOINT WARNING * * *
The hound closely misses you. The adder skeleton misses you.
The bullfrog completely misses you.
An orc, an orc priest and a zombie come into view.
The hound barely misses you.
A gnoll and an orc priest come into view.
The orc priest calls down the wrath of Beogh upon you.
Beogh smites you!
You die...

>...........# ....##.
.##..........##....#..
.....................
#......#...........#
#......##..>......(##
......$##††.........###
.......<#.<.Z.g.......Z
##.....##)..o..#.......
#.......@o............#
#..###ZF####o.....###..
## #..h.##Zlh..#.#
##.hl.#.!....###.
###.5†...........
##..#.#...##..#
#.#####.## .. ### ### .


You could see a black bear, a bullfrog, a hound, 2 orc priests, a gnoll
(wandering), an orc, a bullfrog zombie (wandering) and an adder skeleton.

Vanquished Creatures
  Sigmund (D:3)
  A necrophage (D:5)
  An ice beast (D:3)
  2 centaurs (D:5)
  2 scorpions
  5 wights
  A bullfrog skeleton (D:5)
  Crazy Yiuf (D:3)
  7 hounds
  3 iron imps (D:5)
  4 orc priests
  4 orc wizards (D:5)
  Ijyb (D:5)
  An iguana (D:4)
  4 worker ants
  A hound skeleton (D:5)
  Robin (D:4)
  3 gnolls (D:2)
  9 adders
  An ooze (D:1)
  8 worms
  A dart slug (D:3)
  6 leopard geckos
  17 orcs
  6 giant cockroaches
  21 goblins
  14 hobgoblins
  A quokka (D:3)
  3 ball pythons
  12 bats
  6 frilled lizards
  A giant cockroach zombie (D:6)
  A jackal skeleton (D:5)
  17 kobolds
  6 rats
173 creatures vanquished.

Vanquished Creatures (collateral kills)
  An ogre (D:5)
  A leopard gecko (D:4)
2 creatures vanquished.

Vanquished Creatures (others)
  2 spectral weapons (D:5)
2 creatures vanquished.

Grand Total: 177 creatures vanquished

Notes
Turn   | Place    | Note
-------+----------+-------------------------------------------
     0 | D:1      | FishyPogo the Gnoll Skald began the quest for the Orb.
     0 | D:1      | Reached XP level 1. HP: 20/20 MP: 6/6
    35 | D:1      | Reached XP level 2. HP: 26/26 MP: 5/7
    39 | D:1      | Learned a level 2 spell: Song of Slaying
    42 | D:1      | Learned a level 2 spell: Shroud of Golubria
   363 | D:1      | Reached XP level 3. HP: 30/31 MP: 9/9
   371 | D:1      | Reached skill level 5 in Spellcasting
   781 | D:2      | Reached skill level 1 in Invocations
   825 | D:2      | Found a glowing silver altar of Zin.
   833 | D:2      | Became a worshipper of Zin the Law-Giver
  1003 | D:2      | Learned a level 3 spell: Spectral Weapon
  1202 | D:2      | Reached skill level 1 in Short Blades
  1202 | D:2      | Reached skill level 1 in Axes
  1202 | D:2      | Reached skill level 1 in Maces & Flails
  1202 | D:2      | Reached skill level 1 in Polearms
  1202 | D:2      | Reached skill level 1 in Staves
  1202 | D:2      | Reached skill level 1 in Slings
  1202 | D:2      | Reached skill level 1 in Bows
  1202 | D:2      | Reached skill level 1 in Crossbows
  1202 | D:2      | Reached skill level 1 in Throwing
  1202 | D:2      | Reached skill level 1 in Stealth
  1202 | D:2      | Reached skill level 1 in Shields
  1202 | D:2      | Reached skill level 1 in Unarmed Combat
  1202 | D:2      | Reached skill level 1 in Evocations
  1202 | D:2      | Reached XP level 4. HP: 33/38 MP: 1/11
  1289 | D:2      | Found an iron altar of Okawaru.
  1295 | D:2      | Fell from the grace of Zin
  1295 | D:2      | Became a worshipper of Warmaster Okawaru
  1342 | D:2      | Learned a level 3 spell: Regeneration
  1457 | D:2      | Reached skill level 1 in Conjurations
  1457 | D:2      | Reached skill level 1 in Hexes
  1457 | D:2      | Reached skill level 1 in Summonings
  1457 | D:2      | Reached skill level 1 in Necromancy
  1457 | D:2      | Reached skill level 1 in Translocations
  1457 | D:2      | Reached skill level 1 in Transmutations
  1457 | D:2      | Reached skill level 1 in Fire Magic
  1457 | D:2      | Reached skill level 1 in Ice Magic
  1457 | D:2      | Reached skill level 1 in Air Magic
  1457 | D:2      | Reached skill level 1 in Earth Magic
  1457 | D:2      | Reached skill level 1 in Poison Magic
  2107 | D:3      | Reached XP level 5. HP: 39/43 MP: 12/12
  2140 | D:3      | Found a runed translucent door.
  2141 | D:3      | Noticed Crazy Yiuf
  2152 | D:3      | Killed Crazy Yiuf
  2257 | D:3      | Noticed an ice beast
  2263 | D:3      | Killed an ice beast
  2263 | D:3      | Reached XP level 6. HP: 17/50 MP: 6/13
  2313 | D:3      | Noticed Sigmund
  2339 | D:3      | Killed Sigmund
  2339 | D:3      | Reached * piety under Okawaru
  2339 | D:3      | Reached skill level 5 in Fighting
  2339 | D:3      | Reached skill level 5 in Long Blades
  2339 | D:3      | Reached skill level 5 in Dodging
  2436 | D:3      | Found a sacrificial altar of Ru.
  2436 | D:3      | Found an ornate altar of the Wu Jian Council.
  2437 | D:3      | Found an opulent altar of Gozag.
  2437 | D:3      | Found a glowing golden altar of the Shining One.
  2464 | D:3      | Reached XP level 7. HP: 56/56 MP: 15/15
  3019 | D:3      | Learned a level 3 spell: Mephitic Cloud
  3022 | D:3      | Learned a level 2 spell: Poisonous Vapours
  3149 | D:4      | Found Uwismur's Serpentskin Sales.
  3262 | D:4      | Noticed Robin
  3300 | D:4      | Killed Robin
  3343 | D:4      | Found Wuptacwi's Jewellery Emporium.
  3431 | D:4      | Reached ** piety under Okawaru
  3658 | D:4      | Reached XP level 8. HP: 54/63 MP: 12/16
  3768 | D:5      | Entered Level 5 of the Dungeon
  4104 | D:5      | Noticed Ijyb
  4204 | D:5      | Paralysed by Ijyb for 6 turns
  4211 | D:5      | Paralysed by Ijyb for 4 turns
  4215 | D:5      | Killed Ijyb
  4341 | D:5      | Got an ichor-stained robe
  4352 | D:5      | Identified the +1 robe "Ciups" {rPois Int-4 Dex+9 Stlth+}
                  | (You found it on level 5 of the Dungeon)
  4358 | D:5      | Found a burning altar of Makhleb.
  4416 | D:5      | Reached *** piety under Okawaru
  4500 | D:5      | HP: 3/64 [something (3)]
  4502 | D:5      | HP: 1/64 [something (4)]
  4571 | D:6      | Reached XP level 9. HP: 35/69 MP: 8/18
  4677 | D:6      | Gained mutation: You are weak. (Str -2) [potion of
                  | mutation]
  4677 | D:6      | Gained mutation: You tend to lose your temper in combat.
                  | [potion of mutation]
  4677 | D:6      | Gained mutation: You have an increased reservoir of magic.
                  | (+10% MP) [potion of mutation]
  4696 | D:6      | Killed from afar by an orc priest

Levels and vault maps discovered:
D:1:      dpeg_arrival_shelter, layout_basic, grunt_decor_mini_mirrors
D:2:      layout_basic, lemuel_coloured_pillars_altar, okawaru_metal_pillars_1_2
D:3:      minmay_octagon_keep, layout_basic,
          chequers_temple_overflow_statue_of_worship,
          kennysheep_generic_room_12, uniq_sigmund, uniq_crazy_yiuf_cottage
D:4:      layout_basic, serial_shops, nicolae_shop_waterfront, first_ration,
          guppyfry_shop_venom, uniq_robin
D:5:      layout_basic, demons_altar, uniq_ijyb
D:6:      layout_cave_pools, marbit_many_paths,
          nicolae_overflow_quartered_altars, temple_hall, serial_shops, shop

Skill      XL: |  1  2  3  4  5  6  7  8 |
---------------+-------------------------+-----
Spellcasting   | 5 6 |  6.4
Invocations    | 1 2 3 4 |  4.2
Short Blades   | 1 2 3 |  3.8
Axes           | 1 2 3 |  3.8
Maces & Flails | 1 2 3 |  3.8
Polearms       | 1 2 3 |  3.8
Staves         | 1 2 3 |  3.8
Slings         | 1 2 3 |  3.8
Bows           | 1 2 3 |  3.8
Crossbows      | 1 2 3 |  3.8
Throwing       | 1 2 3 |  3.8
Stealth        | 1 2 3 |  3.8
Shields        | 1 2 3 |  3.8
Unarmed Combat | 1 2 3 |  3.8
Evocations     | 1 2 3 |  3.8
Conjurations   | 1 2 3 |  3.1
Hexes          | 1 2 3 |  3.1
Summonings     | 1 2 3 |  3.1
Necromancy     | 1 2 3 |  3.1
Translocations | 1 2 3 |  3.1
Transmutations | 1 2 3 |  3.1
Fire Magic     | 1 2 3 |  3.1
Ice Magic      | 1 2 3 |  3.1
Air Magic      | 1 2 3 |  3.1
Earth Magic    | 1 2 3 |  3.1
Poison Magic   | 1 2 3 |  3.1
Armour         | 3 4 |  4.7
Fighting       | 5 6 |  6.0
Long Blades    | 5 6 |  6.0
Dodging        | 5 6 |  6.0
Charms         | 6 |  6.3

Action                   |  1- 3 |  4- 6 |  7- 9 || total
-------------------------+-------+-------+-------++-------
Melee: Falchion          |    96 |    70 |       ||   166
       Bite              |    17 |    11 |    23 ||    51
       Quarterstaff      |       |    19 |   220 ||   239
Throw: Dart              |       |       |     4 ||     4
 Cast: Infusion          |     4 |     4 |     4 ||    12
       Shroud of Golubri |     1 |     3 |     1 ||     5
       Song of Slaying   |     1 |       |     8 ||     9
       Regeneration      |       |     3 |     7 ||    10
       Spectral Weapon   |       |     5 |    23 ||    28
  Use: Potion            |       |       |     4 ||     4
       Scroll            |       |       |     5 ||     5
 Stab: Sleeping          |       |     2 |     7 ||     9
       Paralysed         |       |       |     7 ||     7
       Distracted        |       |       |     4 ||     4
  Eat: Chunk             |     1 |     5 |     8 ||    14
Armor: Leather armour    |    28 |    15 |    58 ||   101
       Robe              |       |       |    17 ||    17
Dodge: Dodged            |    70 |    73 |   220 ||   363
       Rpst.: Falchion   |    23 |    26 |       ||    49
